 Dungeon Crawl Stone Soup version 0.29.1-15-g9cfb28693d (webtiles) character file.

Game seed: 10434163091085050432

25 chaostorm the Covered (level 2, -5/27 HPs)
             Began as a Minotaur Fighter on Mar 29, 2023.
             Slain by a gnoll
             ... wielding a +0 flail
              (8 damage)
             ... on level 1 of the Dungeon.
             The game lasted 00:07:09 (511 turns).

chaostorm the Covered (Minotaur Fighter)             Turns: 511, Time: 00:07:09

Health: -5/27      AC:  7    Str: 20    XL:     2   Next: 82%
Magic:  1/1        EV:  9    Int:  5    God:
Gold:   18         SH:  4    Dex:  9    Spells: 1/1 levels left

rFire   . . .      SeeInvis .   a - +0 war axe
rCold   . . .      Faith    .   c - +0 buckler
rNeg    . . .      Spirit   .   b - +0 scale mail
rPois   .          Reflect  .   (helmet restricted)
rElec   .          Harm     .   (no cloak)
rCorr   .          Rampage  .   (no gloves)
Will    .....                   (no boots)
Stlth   ..........              (no amulet)
HPRegen 0.09/turn               (no ring)
MPRegen 0.07/turn               (no ring)

@: no status effects
A: horns 2, retaliatory headbutt
a: no special abilities


You were on level 1 of the Dungeon.
You visited 1 branch of the dungeon, and saw 1 of its levels.

You collected 18 gold pieces.

Inventory:

Hand Weapons
 a - a +0 war axe (weapon)
 f - a +0 short sword
Armour
 b - a +0 scale mail (worn)
 c - a +0 buckler (worn)
Scrolls
 g - a scroll of identify {unknown}
 h - a scroll of vulnerability {unknown}
 j - a scroll of noise {unknown}
 k - a scroll of magic mapping {unknown}
Potions
 d - a potion of might
 e - a potion of cancellation {unknown}
 i - a potion of lignification {unknown}


   Skills:
 + Level 3.8 Fighting
 + Level 2.9 Axes
 + Level 4.1 Armour
 + Level 0.2 Dodging
 + Level 4.1 Shields


You had one spell level left.
You didn't know any spells.
Your spell library was empty.

Dungeon Overview and Level Annotations

Branches:
Dungeon (1/15) Zot: 5472

Altars:


Innate Abilities, Weirdness & Mutations

You have a pair of horns on your head.
You reflexively headbutt those who attack you in melee.


Message History

You block the quokka's attack.
You slash the quokka!
You kill the quokka!
j - a scroll labelled VALUCA RASA
k - a scroll labelled VACONU UXARPH A bat comes into view.
You block the bat's attack.
You hit the bat.
You kill the bat!
A hobgoblin comes into view.
The hobgoblin shouts!
A gnoll comes into view. It is wielding a +0 flail.
The gnoll shouts!
There are monsters nearby!
You completely miss the hobgoblin. The hobgoblin hits you.
You hit the hobgoblin. You headbutt the hobgoblin.
You kill the hobgoblin!
The gnoll hits you but does no damage.
You hit the gnoll.
The gnoll is moderately wounded.
The gnoll hits you but does no damage.
You barely miss the gnoll.
You headbutt the gnoll, but do no damage.
The gnoll is moderately wounded.
The gnoll hits you with a +0 flail!
* * * LOW HITPOINT WARNING * * *
You closely miss the gnoll.
The gnoll is moderately wounded.
The gnoll hits you with a +0 flail.
* * * LOW HITPOINT WARNING * * *
The gnoll hits you but does no damage.
You hit the gnoll. Your headbutt misses the gnoll.
The gnoll is severely wounded.
The gnoll hits you with a +0 flail!
* * * LOW HITPOINT WARNING * * *
The gnoll attacks as you move away! The gnoll barely misses you.
The gnoll attacks as you move away! You block the gnoll's attack.
The gnoll attacks as you move away! You block the gnoll's attack.
The gnoll attacks as you move away! The gnoll hits you with a +0 flail!
You die...

###.########...####....
...........@g..........
#............#.....##
#.#...####.###.##....
##...# #.†....# ..#
#.#.#######..# # #.#..#
..# #.##.#### ..# ..
#....# ###
#.##########.######
#...................
########......###...
#......#
........#......# #..
....#......# #..
....#......# #..
....#......##


You could see a gnoll.

Vanquished Creatures
  2 dart slugs (D:1)
  2 endoplasms (D:1)
  2 goblins (D:1)
  3 hobgoblins (D:1)
  2 quokkas (D:1)
  3 ball pythons (D:1)
  2 bats (D:1)
  2 kobolds (D:1)
  A rat (D:1)
19 creatures vanquished.

Notes
Turn   | Place    | Note
-------+----------+-------------------------------------------
     0 | D:1      | chaostorm the Minotaur Fighter began the quest for the Orb.
     0 | D:1      | Reached XP level 1. HP: 19/19 MP: 0/0
   302 | D:1      | Reached XP level 2. HP: 27/27 MP: 1/1
   511 | D:1      | Slain by a gnoll

Illustrated notes

Levels and vault maps discovered:
D:1:      roderic_crossed_star, layout_basic, shapermc_ecumenical_altar_ellora

Skill      XL: |  1  2 |
---------------+-------+-----
Armour         | 4 |  4.1
Shields        | 4 |  4.1
Fighting       | |  3.8
Axes           | |  2.9
Dodging        | |  0.2

Action                   || total
-------------------------++-------
Melee: War axe           ||    41
       Headbutt          ||     6
Armor: Scale mail        ||    20
Dodge: Dodged            ||    10
Block: Buckler           ||    11
